PA
SOUTH BEACH BLAZE @ ATHLETIC CLUB KC U-21
06/18/2023
 
TOP OF THE 1ST
South Beach Blaze batting - Pitching for Athletic Club KC U-21 : RHP Edgar Cruz
Pitching: RHP Edgar Cruz
Batting: RHB Sergio Anruvio 0-0: Ball
1-0: Ball
2-0: Called Strike
2-1: Ball
3-1: SINGLE (Line Drive, 34)
Batting: LHB Jacob Herman 0-0: Fly out, F8 (Flyball, 8RM)
Batting: RHB Nick Ross 0-0: Ball
Sergio Anruvio steals 2nd base
1-0: Ball
2-0: Called Strike
2-1: Swinging Strike
2-2: Ground out 5-3 (Groundball, 15S)
Sergio Anruvio to third
Batting: RHB Vincente Rotham 0-0: Called Strike
0-1: Fly out, F9 (Flyball, 9M)
Top of the 1st over - 0 run(s), 1 hit(s), 0 error(s), 1 left on base; South Beach 0 - Athletic Club KC 0
BOTTOM OF THE 1ST
Athletic Club KC U-21 batting - Pitching for South Beach Blaze : RHP José Lucero
Pitching: RHP José Lucero
Batting: RHB Aurelio Álvarez 0-0: Ball
1-0: Foul Ball, location: 2F
1-1: Foul Ball, location: 2F
1-2: Foul Ball, location: 2F
1-2: Foul Ball, location: 2F
1-2: Ball
2-2: SINGLE (Popup, 8LS)
Batting: RHB Felipe Pabalate 0-0: Ball
Aurelio Álvarez is caught stealing 2nd base
1-0: Ball
2-0: Called Strike
2-1: Foul Ball, location: 2F
2-2: Ground out 1-3 (Groundball, 13S)
Batting: LHB Tony García 0-0: Called Strike
0-1: Ball
1-1: Swinging Strike
1-2: Ball
2-2: Strikes out swinging
Bottom of the 1st over - 0 run(s), 1 hit(s), 0 error(s), 0 left on base; South Beach 0 - Athletic Club KC 0
TOP OF THE 2ND
South Beach Blaze batting - Pitching for Athletic Club KC U-21 : RHP Edgar Cruz
Batting: LHB Michael Lange 0-0: Called Strike
0-1: Ball
1-1: Called Strike
1-2: Ball
2-2: Foul Ball, location: 2F
2-2: Ball
3-2: Base on Balls
Batting: RHB Troy Charles 0-0: Ball
1-0: Fly out, F7 (Line Drive, 7M)
Batting: RHB Dimian Menres 0-0: Ball
1-0: Called Strike
1-1: Swinging Strike
1-2: Foul Ball, location: 2F
1-2: SINGLE (Flyball, 9S)
Michael Lange to second
Runner from 2nd tries for 3rd, SAFE, throw made to third
Dimian Menres to second
Batting: LHB Miguel Pacheco 0-0: Ball
1-0: Ball
2-0: Called Strike
2-1: Ball
3-1: Foul Ball, location: 2F
3-2: Reached on error, E4 (Groundball, 4)
Michael Lange scores
Dimian Menres to third
Batting: RHB Chris Nichols 0-0: Called Strike
0-1: Fly out, F8 (Flyball, 8LS)
Batting: RHB Sergio Anruvio 0-0: Ball
1-0: Called Strike
1-1: Ball
2-1: Ball
3-1: Base on Balls
Miguel Pacheco to second
Batting: LHB Jacob Herman 0-0: Ball
1-0: Ball
2-0: Fly out, F9 (Flyball, 9M)
Top of the 2nd over - 1 run(s), 1 hit(s), 1 error(s), 3 left on base; South Beach 1 - Athletic Club KC 0
BOTTOM OF THE 2ND
Athletic Club KC U-21 batting - Pitching for South Beach Blaze : RHP José Lucero
Batting: LHB Naohiro Sakai 0-0: Ball
1-0: Ball
2-0: DOUBLE (Line Drive, 8RM)
Batting: RHB Diego Bonilla 0-0: Called Strike
0-1: Ball
1-1: SINGLE (Line Drive, 4MD)
Naohiro Sakai to third
Batting: RHB Iván Chacón 0-0: Ball
1-0: Foul Ball, location: 2F
1-1: Foul Ball, location: 2F
1-2: Foul Ball, location: 2F
1-2: Ball
2-2: Ball
3-2: Base on Balls
Diego Bonilla to second
Batting: RHB Pedro Silva 0-0: Swinging Strike
0-1: Ball
1-1: Ball
2-1: Ball
3-1: Swinging Strike
3-2: DOUBLE (Line Drive, 9LS)
Naohiro Sakai scores
Diego Bonilla scores
Iván Chacón to third
Batting: RHB Altifício Azor 0-0: Ball
1-0: Foul Ball, location: 2F
1-1: Called Strike
1-2: Ball
2-2: Foul Ball, location: 2F
2-2: Strikes out swinging
Batting: LHB Enrique Miranda 0-0: Ball
1-0: Swinging Strike
1-1: Called Strike
1-2: Strikes out swinging
Batting: RHB Aurelio Álvarez 0-0: Called Strike
0-1: Swinging Strike
0-2: Ball
1-2: Fly out, F8 (Flyball, 8LM)
Bottom of the 2nd over - 2 run(s), 3 hit(s), 0 error(s), 2 left on base; South Beach 1 - Athletic Club KC 2
TOP OF THE 3RD
South Beach Blaze batting - Pitching for Athletic Club KC U-21 : RHP Edgar Cruz
Batting: RHB Nick Ross 0-0: Ball
1-0: Ball
2-0: DOUBLE (Line Drive, 8RM)
Batting: RHB Vincente Rotham 0-0: Called Strike
0-1: Ball
1-1: TRIPLE (Line Drive, 9LS)
Nick Ross scores
Batting: LHB Michael Lange 0-0: Called Strike
0-1: Ball
1-1: Ball
2-1: Swinging Strike
2-2: Strikes out looking
Batting: RHB Troy Charles 0-0: Ball
1-0: Called Strike
1-1: SINGLE (Groundball, 6D)
Vincente Rotham scores
Batting: RHB Dimian Menres 0-0: Ball
1-0: Ball
2-0: Swinging Strike
2-1: Ball
3-1: Fielders Choice at 2nd, 1-6 (Groundball, 13)
Batting: LHB Miguel Pacheco 0-0: Ball
1-0: Ground out 4-3 (Groundball, 4)
Top of the 3rd over - 2 run(s), 3 hit(s), 0 error(s), 1 left on base; South Beach 3 - Athletic Club KC 2
BOTTOM OF THE 3RD
Athletic Club KC U-21 batting - Pitching for South Beach Blaze : RHP José Lucero
Batting: RHB Felipe Pabalate 0-0: Called Strike
0-1: Swinging Strike
0-2: Strikes out swinging
Batting: LHB Tony García 0-0: Called Strike
0-1: Ball
1-1: Foul Ball, location: 2F
1-2: Ground out 4-3 (Groundball, 34)
Batting: LHB Naohiro Sakai 0-0: Ball
1-0: Swinging Strike
1-1: SINGLE (Line Drive, 78M)
Batting: RHB Diego Bonilla 0-0: Ball
1-0: Called Strike
1-1: Foul Ball, location: 2F
1-2: Ground out 1-3 (Groundball, 13)
Bottom of the 3rd over - 0 run(s), 1 hit(s), 0 error(s), 1 left on base; South Beach 3 - Athletic Club KC 2
TOP OF THE 4TH
South Beach Blaze batting - Pitching for Athletic Club KC U-21 : RHP Edgar Cruz
Batting: RHB Chris Nichols 0-0: Ball
1-0: Called Strike
1-1: Called Strike
1-2: Strikes out swinging
Batting: RHB Sergio Anruvio 0-0: Ball
1-0: Swinging Strike
1-1: SINGLE (Line Drive, 7S)
Batting: LHB Jacob Herman 0-0: Ball
Sergio Anruvio steals 2nd base
1-0: Called Strike
1-1: Ball
2-1: Ball
3-1: Fly out, F8 (Flyball, 78M)
Batting: RHB Nick Ross 0-0: Called Strike
0-1: Ball
1-1: Ball
2-1: Reached on error, E6 (Groundball, 6M)
Sergio Anruvio to third
Batting: RHB Vincente Rotham 0-0: Ball
1-0: Foul Ball, location: 2F
1-1: Ball
2-1: Swinging Strike
2-2: Foul Ball, location: 2F
2-2: Foul Ball, location: 2F
2-2: Ball
3-2: Base on Balls
Nick Ross to second
Pitching: RHP Derrick Spalding
Batting: LHB Michael Lange 0-0: Called Strike
0-1: Ground out 3-1 (Groundball, 34)
Top of the 4th over - 0 run(s), 1 hit(s), 1 error(s), 3 left on base; South Beach 3 - Athletic Club KC 2
BOTTOM OF THE 4TH
Athletic Club KC U-21 batting - Pitching for South Beach Blaze : RHP José Lucero
Batting: RHB Iván Chacón 0-0: Ball
1-0: Called Strike
1-1: Foul Ball, location: 2F
1-2: Strikes out swinging
Batting: RHB Pedro Silva 0-0: Called Strike
0-1: Foul Ball, location: 2F
0-2: Ball
1-2: Foul Ball, location: 2F
1-2: Foul Ball, location: 2F
1-2: Strikes out looking
Batting: RHB Altifício Azor 0-0: Called Strike
0-1: Fly out, F9 (Flyball, 89M)
Bottom of the 4th over - 0 run(s), 0 hit(s), 0 error(s), 0 left on base; South Beach 3 - Athletic Club KC 2
TOP OF THE 5TH
South Beach Blaze batting - Pitching for Athletic Club KC U-21 : RHP Derrick Spalding
Batting: RHB Troy Charles 0-0: Foul Ball, location: 2F
0-1: Called Strike
0-2: Ball
1-2: Ball
2-2: Ball
3-2: Foul Ball, location: 2F
3-2: Strikes out looking
Batting: RHB Dimian Menres 0-0: Called Strike
0-1: Fly out, F9 (Flyball, 9LSF)
Batting: LHB Miguel Pacheco 0-0: Swinging Strike
0-1: Called Strike
0-2: Ball
1-2: Ball
2-2: Foul Ball, location: 2F
2-2: Ball
3-2: Ground out 6-3 (Groundball, 6M)
Top of the 5th over - 0 run(s), 0 hit(s), 0 error(s), 0 left on base; South Beach 3 - Athletic Club KC 2
BOTTOM OF THE 5TH
Athletic Club KC U-21 batting - Pitching for South Beach Blaze : RHP José Lucero
Batting: LHB Enrique Miranda 0-0: Foul Ball, location: 2F
0-1: Swinging Strike
0-2: Ball
1-2: Ball
2-2: Ground out U3 (Groundball, 3)
Batting: RHB Aurelio Álvarez 0-0: Fly out, F4 (Line Drive, 4M)
Batting: RHB Felipe Pabalate 0-0: Foul Ball, location: 2F
0-1: Ball
1-1: Ball
2-1: Ball
3-1: Base on Balls
Batting: LHB Tony García 0-0: Called Strike
0-1: SINGLE (Line Drive, 89S)
Felipe Pabalate to second
Batting: LHB Naohiro Sakai 0-0: Called Strike
0-1: Foul Ball, location: 2F
0-2: Ball
1-2: Ball
2-2: Strikes out looking
Bottom of the 5th over - 0 run(s), 1 hit(s), 0 error(s), 2 left on base; South Beach 3 - Athletic Club KC 2
TOP OF THE 6TH
South Beach Blaze batting - Pitching for Athletic Club KC U-21 : RHP Derrick Spalding
Batting: RHB Chris Nichols 0-0: Called Strike
0-1: Ball
1-1: Swinging Strike
1-2: Foul Ball, location: 2F
1-2: Ground out 6-3 (Groundball, 6)
Batting: RHB Sergio Anruvio 0-0: Ball
1-0: Ball
2-0: Ball
3-0: Called Strike
3-1: Swinging Strike
3-2: Foul Ball, location: 2F
3-2: Foul Ball, location: 2F
3-2: Ground out 4-3 (Groundball, 34)
Batting: LHB Jacob Herman 0-0: Ball
1-0: Ball
2-0: Called Strike
2-1: Fly out, F8 (Flyball, 78M)
Top of the 6th over - 0 run(s), 0 hit(s), 0 error(s), 0 left on base; South Beach 3 - Athletic Club KC 2
BOTTOM OF THE 6TH
Athletic Club KC U-21 batting - Pitching for South Beach Blaze : RHP José Lucero
Batting: RHB Diego Bonilla 0-0: Swinging Strike
0-1: Called Strike
0-2: Ball
1-2: Ball
2-2: Foul Ball, location: 2F
2-2: Strikes out swinging
Batting: RHB Iván Chacón 0-0: Called Strike
0-1: Ball
1-1: Called Strike
1-2: Strikes out swinging
Batting: RHB Pedro Silva 0-0: Ball
1-0: Called Strike
1-1: Swinging Strike
1-2: Foul Ball, location: 2F
1-2: Foul Ball, location: 2F
1-2: Ball
2-2: Ground out 1-3 (Groundball, 15)
Bottom of the 6th over - 0 run(s), 0 hit(s), 0 error(s), 0 left on base; South Beach 3 - Athletic Club KC 2
TOP OF THE 7TH
South Beach Blaze batting - Pitching for Athletic Club KC U-21 : RHP Derrick Spalding
Batting: RHB Nick Ross 0-0: Foul Ball, location: 2F
0-1: Ball
1-1: Fly out, F7 (Flyball, 7M)
Batting: RHB Vincente Rotham 0-0: TRIPLE (Line Drive, 8RM)
Pinch Hitting: RHB Omar Schuler 0-0: Intentional Walk
Batting: RHB Troy Charles 0-0: Ball
1-0: Called Strike
Omar Schuler steals 2nd base
1-1: Called Strike
1-2: Ball
2-2: Ball
3-2: Foul Ball, location: 2F
3-2: Foul Ball, location: 2F
3-2: Fly out, F7 (Flyball, 7M)
Runner from 3rd tags up, SCORES, no throw
Batting: RHB Dimian Menres 0-0: Called Strike
0-1: Called Strike
0-2: Fly out, F9 (Flyball, 9M)
Top of the 7th over - 1 run(s), 1 hit(s), 0 error(s), 1 left on base; South Beach 4 - Athletic Club KC 2
BOTTOM OF THE 7TH
Athletic Club KC U-21 batting - Pitching for South Beach Blaze : RHP José Lucero
Now at 1B: Cody Clinton
Batting: RHB Altifício Azor 0-0: Ball
1-0: Ball
2-0: Called Strike
2-1: Ball
3-1: SINGLE (Groundball, 6MD)
Batting: LHB Enrique Miranda 0-0: Ball
1-0: Called Strike
1-1: Foul Ball, location: 2F
1-2: Ball
2-2: SINGLE (Line Drive, 9S)
Altifício Azor to second
Pitching: RHP Adam Taylor
Batting: RHB Aurelio Álvarez 0-0: Ball
1-0: Swinging Strike
1-1: Sac Bunt - play at first, batter OUT! 1-3
Altifício Azor to third
Enrique Miranda to second
Pinch Hitting: SHB Sang-your Yu 0-0: Called Strike
0-1: Called Strike
0-2: Ball
1-2: Ball
2-2: Ground out 4-3 (Groundball, 4)
Batting: LHB Tony García 0-0: Ball
1-0: Called Strike
1-1: Ball
2-1: Ball
3-1: Base on Balls
Batting: LHB Naohiro Sakai 0-0: Ball
1-0: Called Strike
1-1: Ball
2-1: Ball
3-1: Base on Balls
Altifício Azor scores
Enrique Miranda to third
Tony García to second
Batting: RHB Diego Bonilla 0-0: Called Strike
0-1: Ball
1-1: Ball
2-1: Swinging Strike
2-2: Ball
Wild Pitch!
Enrique Miranda scores
Tony García to third
Naohiro Sakai to second
3-2: Ground out 5-3 (Groundball, 5S)
Bottom of the 7th over - 2 run(s), 2 hit(s), 0 error(s), 2 left on base; South Beach 4 - Athletic Club KC 4
TOP OF THE 8TH
South Beach Blaze batting - Pitching for Athletic Club KC U-21 : RHP Derrick Spalding
Now at 2B: Ricardo Torres
Batting: LHB Miguel Pacheco 0-0: Ball
1-0: Ball
2-0: Foul Ball, location: 2F
2-1: Ball
3-1: Foul Ball, location: 2F
3-2: SINGLE (Line Drive, 4MD)
Batting: RHB Chris Nichols 0-0: Bunt - Flyout! F2
Batting: RHB Sergio Anruvio 0-0: Ball
1-0: Called Strike
1-1: Foul Ball, location: 2F
1-2: Foul Ball, location: 2F
1-2: Ball
2-2: Grounds into double play, 4-6-3 (Groundball, 4)
Top of the 8th over - 0 run(s), 1 hit(s), 0 error(s), 0 left on base; South Beach 4 - Athletic Club KC 4
BOTTOM OF THE 8TH
Athletic Club KC U-21 batting - Pitching for South Beach Blaze : RHP Adam Taylor
Batting: RHB Iván Chacón 0-0: Ball
1-0: TRIPLE (Flyball, 8LXD)
Batting: RHB Pedro Silva 0-0: Intentional Walk
Pinch Hitting: RHB Jim Unknown 0-0: Called Strike
0-1: Ball
1-1: SINGLE (Groundball, 6)
Iván Chacón scores
Pedro Silva to second
Pitching: LHP José Sánchez
Pinch Hitting: RHB Nathaniel Gault 0-0: Ball
1-0: Bunted foul
1-1: Sac Bunt - play at first, batter OUT! 5-4
Pedro Silva to third
Jim Unknown to second
Batting: RHB Aurelio Álvarez 0-0: Intentional Walk
Pinch Hitting: RHB Ted Stephens 0-0: Called Strike
0-1: Called Strike
0-2: Ball
1-2: Ball
2-2: Strikes out swinging
Batting: LHB Tony García 0-0: Foul Ball, location: 2F
0-1: Swinging Strike
0-2: Strikes out looking
Bottom of the 8th over - 1 run(s), 2 hit(s), 0 error(s), 3 left on base; South Beach 4 - Athletic Club KC 5
TOP OF THE 9TH
South Beach Blaze batting - Pitching for Athletic Club KC U-21 : RHP Derrick Spalding
Pitching: RHP Rich Gibbs
Now at 1B: Alfonso Ciucio
Now at 2B: Ted Stephens
Now in RF: Nathaniel Gault
Pinch Hitting: RHB Marcos Reyes 0-0: Called Strike
0-1: Ball
1-1: Foul Ball, location: 2F
1-2: Strikes out swinging
Pinch Hitting: RHB Alfonso Baca 0-0: SINGLE (Line Drive, 6M)
Pinch Runner at 1st León Domínguez:
Batting: RHB Vincente Rotham 0-0: Called Strike
0-1: Ball
1-1: Ball
2-1: Fly out, F9 (Line Drive, 9S)
Pinch Hitting: RHB Héctor Santandreu 0-0: Ball
1-0: Foul Ball, location: 2F
1-1: Fly out, F7 (Flyball, 7D)
Top of the 9th over - 0 run(s), 1 hit(s), 0 error(s), 1 left on base; South Beach 4 - Athletic Club KC 5
This league is powered by Out of the Park Baseball, the baseball management simulation game for PC, Mac and Linux
Friday, July 8th, 2016 - OOTP Baseball 16.9 Build 39